 Dungeon Crawl Stone Soup version 0.31-a0-846-gb3bcc0d938 (webtiles) character file.

Game seed: 4562272819702459264

710 lunkers the Martial Artist (level 8, 0/60 HPs)
             Began as a Meteoran Shapeshifter on Oct 3, 2023.
             Was a Follower of Okawaru.
             Slain by Eustachio
             ... wielding a +1 rapier of flaming
              (1 damage)
             ... on level 4 of the Dungeon.
             The game lasted 00:05:46 (1410 turns).

lunkers the Martial Artist (Meteoran Shapeshifter)  Turns: 1410, Time: 00:05:47

Health: 0/60       AC:  2    Str: 15      XL:     8   Next: 20%
Magic:  7/9        EV: 12    Int: 13      God:    Okawaru [*.....]
Gold:   83         SH:  0    Dex: 14 (15) Spells: 7/7 levels left

rFire   . .          .
                       - Unarmed
rCold   . . .        (no shield)
rNeg    . . .        a - +0 animal skin
rPois   .            (helmet currently unavailable)
rElec   .            (cloak currently unavailable)
rCorr   .            (gloves currently unavailable)
SInv    +            (boots currently unavailable)
Will    +....        (no amulet)
Stlth   +            f - ring of see invisible
HPRegen 0.30/turn    (no ring)
MPRegen 0.11/turn

%: no passive effects
@: beast-form, glowing
A: beast (slay +3), sense surroundings 1, otherworldly, glowing, explore regen
a: Begin Untransformation, Renounce Religion, Heroism


You were on level 4 of the Dungeon.
You worshipped Okawaru.
Okawaru was aware of your devotion.
You were a hulking beast.
You visited 1 branch of the dungeon, and saw 4 of its levels.

You collected 83 gold pieces.

Inventory:

Missiles
 n - a throwing net
Armour
 a - a +0 animal skin (worn)
 r - a +0 ring mail
 s - a +0 pair of gloves
 t - a +0 plate armour
Jewellery
 f - a ring of see invisible (left hand)
Talismans
 c - a beast talisman (active)
 d - a flux talisman
 o - a blade talisman
Wands
 q - a wand of light (1)
Scrolls
 b - a scroll of amnesia {unknown}
 i - a scroll of enchant armour {unknown}
 j - 3 scrolls of identify {unknown}
 k - a scroll of butterflies {unknown}
 l - 2 scrolls of noise {unknown}
 p - a scroll of immolation
Potions
 e - 5 potions of curing {unknown}
 g - 2 potions of ambrosia {unknown}
 h - a potion of cancellation {unknown}
 m - a potion of berserk rage {unknown}


   Skills:
 + Level 1.7 Fighting
 + Level 2.5 Dodging
 * Level 8.5 Unarmed Combat
 + Level 1.3 Invocations
 + Level 6.1 Shapeshifting


You had 7 spell levels left.
You didn't know any spells.
Your spell library contained the following spells:

 Spells                   Type           Power      Damage    Failure   Level
 Volatile Blastmotes      Fire/Tloc      0%         2d10      67%         3
 Fulminant Prism          Conj/Hex       0%         3d5       97%         4
 Iskenderun's Mystic Bla  Conj/Tloc      0%         2d3       97%         4
 Passage of Golubria      Tloc           0%         N/A       97%         4
 Yara's Violent Unravell  Hex/Tmut       0%         3d3       100%        5
 Tukima's Dance           Hex            Unusable   N/A       N/A         3

Dungeon Overview and Level Annotations

Branches:
Dungeon (4/15) Zot: 1014
 Temple: D:4-7

Altars:
Fedhas
Okawaru

Annotations:
D:4 Eustachio


Innate Abilities, Weirdness & Mutations

You are a hulking beast.
Your limbs bulge with bestial killing power. (Slay +3)
You passively map a small area around you.
You are easily found by Zot.
You glow in the dark.
You regain HP and MP as you explore.


Message History

The quasit barely misses you. The quasit closely misses you.
The quasit completely misses you.
Things that are here:
a +0 giant spiked club; a scorpion corpse You closely miss the white imp.
The white imp misses you. The quasit bites you.
* * * LOW HITPOINT WARNING * * *
The quasit claws you.
* * * LOW HITPOINT WARNING * * *
The quasit claws you but does no damage.
You closely miss the white imp.
You feel like a meek peon again. The white imp misses you.
The quasit closely misses you.
The quasit claws you but does no damage.
The quasit misses you.
You punch the white imp! You punch the white imp.
The white imp is almost dead.
The quasit closely misses you. The quasit claws you.
* * * LOW HITPOINT WARNING * * *
The quasit misses you. The white imp gestures at you.
The puff of frost hits you!
* * * LOW HITPOINT WARNING * * *
You hit the white imp.
You kill the white imp!
The white imp disappears in a puff of smoke!
The quasit bites you.
* * * LOW HITPOINT WARNING * * *
The quasit claws you.
* * * LOW HITPOINT WARNING * * *
The quasit claws you.
* * * LOW HITPOINT WARNING * * *
You feel clumsy.
Unknown command.
You closely miss Eustachio.
Eustachio is almost dead.
Eustachio hits you with a +1 rapier of flaming!
* * * LOW HITPOINT WARNING * * *
Eustachio burns you.
You die...
Eustachio says, "Such is the fate of all honourless rascals."

* *###.#.#.# ,,
.....#.# * ,
#@...#.#
#,###....#.#
#.#...)....#### *
####
#.#.#.......<.. ,
...#
#..5+.....######
...#
###5#...........
...#
#h#..#..###### *
'###
#@####..###### *
.# #............#
.#
######.......#####
.# #............
.#################
#........####
.................#
#.>......#...
################.#
##'#####.#.##
#.####......#.#...


You could see Eustachio and 2 quasits.

Vanquished Creatures
  Grinder (D:4)
  Sigmund (D:3)
  An ogre (D:4)
  A scorpion (D:4)
  Ijyb (D:4)
  Natasha (twice) (D:4)
  5 adders
  A worm (D:2)
  A dart slug (D:1)
  7 orcs
  2 ball pythons (D:2)
  8 bats
  4 endoplasms
  5 giant cockroaches
  6 goblins
  5 hobgoblins
  9 jackals
  3 quokkas
  2 frilled lizards
  11 kobolds
  9 rats
85 creatures vanquished.

Notes
Turn   | Place    | Note
-------+----------+-------------------------------------------
     0 | D:1      | lunkers the Meteoran Shapeshifter began the quest for the
                  | Orb.
     0 | D:1      | Reached XP level 1. HP: 16/16 MP: 2/2
    44 | D:1      | Reached skill level 4 in Unarmed Combat
    44 | D:1      | Reached XP level 2. HP: 20/23 MP: 3/3
   193 | D:1      | Reached XP level 3. HP: 27/28 MP: 4/4
   295 | D:2      | Reached XP level 4. HP: 26/35 MP: 5/5
   361 | D:2      | Reached skill level 5 in Unarmed Combat
   653 | D:2      | Reached XP level 5. HP: 40/40 MP: 6/6
   720 | D:3      | Noticed Sigmund
   727 | D:3      | Killed Sigmund
   728 | D:3      | Reached skill level 6 in Unarmed Combat
   728 | D:3      | Reached skill level 5 in Shapeshifting
   728 | D:3      | Reached XP level 6. HP: 43/47 MP: 7/7
   787 | D:3      | Reached skill level 7 in Unarmed Combat
  1106 | D:4      | Found an iron altar of Okawaru.
  1106 | D:4      | Found a blossoming altar of Fedhas.
  1109 | D:4      | Became a worshipper of Warmaster Okawaru
  1109 | D:4      | Noticed Natasha
  1111 | D:4      | Noticed Ijyb
  1116 | D:4      | Killed Natasha
  1117 | D:4      | Reached XP level 7. HP: 47/52 MP: 8/8
  1122 | D:4      | Killed Ijyb
  1199 | D:4      | Noticed Grinder
  1209 | D:4      | Killed Grinder
  1209 | D:4      | Reached * piety under Okawaru
  1210 | D:4      | Reached skill level 8 in Unarmed Combat
  1299 | D:4      | Noticed Natasha
  1305 | D:4      | Killed Natasha
  1385 | D:4      | Noticed Eustachio
  1397 | D:4      | Reached XP level 8. HP: 48/59 MP: 6/9
  1399 | D:4      | Reached skill level 1 in Invocations
  1410 | D:4      | HP: 1/60 [Eustachio/+1 rapier of flaming (9)]
  1410 | D:4      | Slain by Eustachio

Illustrated notes

Levels and vault maps discovered:
D:1:      dpeg_arrival_central, layout_basic
D:2:      minmay_skewed_foursquare, layout_loops_ring,
          minmay_increasing_density, uniq_jessica
D:3:      layout_basic, uniq_sigmund
D:4:      layout_basic, mainiacjoe_overflow_paths,
          chequers_temple_overflow_statue_of_worship, uniq_eustachio,
          uniq_natasha, uniq_grinder, uniq_ijyb

Skill      XL: |  1  2  3  4  5  6  7  8 |
---------------+-------------------------+-----
Unarmed Combat | 4 5 6 7 8 |  8.5
Shapeshifting  | 4 5 6 |  6.1
Invocations    | 1 |  1.3
Fighting       | |  1.7
Dodging        | |  2.5

Action                     |  1- 3 |  4- 6 |  7- 9 || total
---------------------------+-------+-------+-------++-------
  Melee: Unarmed           |    55 |   120 |    36 ||   211
         Punch             |     1 |     1 |     3 ||     5
 Invoke: Heroism           |       |       |     1 ||     1
  Evoke: Wand              |       |       |     3 ||     3
    Use: Scroll            |       |     1 |       ||     1
         Potion            |       |     1 |       ||     1
   Stab: Invisible         |       |       |     1 ||     1
 Armour: Animal skin       |    37 |    59 |    29 ||   125
         Skin              |       |     2 |       ||     2
  Dodge: Dodged            |    37 |    63 |    29 ||   129

Table legend: (Time is in decaauts)
 A = Elapsed time spent in this place.
 B = Non-inter-level travel time spent in this place.
 C = Inter-level travel time spent in this place.
 D = Time resting spent in this place.
 E = Time spent auto-exploring this place.
 F = Levels seen in this place.
 G = Mean time per level.
                   A        B        C        D        E       F      G
               +--------+--------+--------+--------+--------+-----+--------+
         Total |   1385 |   1337 |     48 |     23 |    820 |   4 |  346.2 |
       Dungeon |   1385 |   1337 |     48 |     23 |    820 |   4 |  346.2 |
               +--------+--------+--------+--------+--------+-----+--------+

Top non-repeatable levels by time:
     D:2: 466 daAuts
     D:3: 391 daAuts
     D:4: 297 daAuts
     D:1: 230 daAuts
